 Dungeon Crawl Stone Soup version 0.17.1-3-g152610e (webtiles) character file.

21 GFox the Gusty (level 2, -16/15 HPs)
             Began as a Tengu Air Elementalist on Apr 6, 2016.
             Demolished by an ogre
             ... wielding a +0 giant club
              (23 damage)
             ... on level 4 of the Dungeon.
             The game lasted 00:12:11 (1235 turns).

GFox the Gusty (Tengu Air Elementalist)             Turns: 1235, Time: 00:12:11

Health: -16/15     AC:  2    Str:  7 (8)  XL:     2   Next: 83%
Magic:  0/6        EV: 16    Int: 15      God:
Gold:   125        SH:  0    Dex: 14      Spells: 3 memorised, 0 levels left

rFire  . . .     SeeInvis .     (no weapon)
rCold  . . .     Clarity  .     a - +0 robe
rNeg   . . .     SustAt   .     (no shield)
rPois  .         Gourm    .     (helmet restricted)
rElec  .         Spirit   .     (no cloak)
rCorr  .         Warding  .     (no gloves)
rMut   .         Stasis   .     (boots unavailable)
MR     .....                    (no amulet)
Stlth  ++........               (no ring)
                                i - +3 ring of evasion

@: not resistant to hostile enchantments, unstealthy
A: beak, talons 3
a: no special abilities


You were on level 4 of the Dungeon.
You were not hungry.

You visited 1 branch of the dungeon, and saw 3 of its levels.

You collected 125 gold pieces.

Inventory:

Armour
 a - a +0 robe (worn)
Jewellery
 i - a +3 ring of evasion (left hand)
Wands
 j - a wand of confusion (29)
Scrolls
 d - a scroll of identify {unknown}
 e - a scroll of recharging {unknown}
 g - a scroll of fog {unknown}
 h - a scroll of enchant weapon {unknown}
 k - 2 scrolls of teleportation
Potions
 m - a potion of curing
Books
 b - a book of Air

   Spells                             Type                      Level
   a - Shock                          Conjuration/Air              1
   b - Swiftness                      Charms/Air                   2
   c - Repel Missiles                 Charms/Air                   2
   d - Static Discharge               Conjuration/Air              3
   e - Lightning Bolt                 Conjuration/Air              5
Comestibles
 c - 2 bread rations
 l - 2 fruits


   Skills:
 + Level 2.4 Dodging
 + Level 2.0 Stealth
 + Level 2.2 Spellcasting
 + Level 2.0 Conjurations
 + Level 4.5 Air Magic


You couldn't memorise any spells.
You knew the following spells:

 Your Spells              Type           Power        Failure   Level  Hunger
a - Shock                 Conj/Air       ##..         8%          1    #......
b - Repel Missiles        Chrm/Air       #.....       14%         2    ###....
c - Swiftness             Chrm/Air       #.......     14%         2    ###....


Dungeon Overview and Level Annotations

Branches:
Dungeon (4/15)
 Temple: D:4-7

Altars:


Innate Abilities, Weirdness & Mutations

You have a beak for a mouth.
You have claws for feet.


Message History

You no longer feel sluggish.
Casting: Shock
Confirm with . or Enter, or press ? or * to list all spells.
Aiming: Shock
Press: ? - help, Shift-Dir - straight line, f/p - ogre
Aim: an ogre, wielding a giant club (heavily wounded)
The zap hits the ogre.
The ogre is severely wounded.
The ogre completely misses you.
You hear the slow rusting of a very distant drain.
Casting: Shock
Confirm with . or Enter, or press ? or * to list all spells.
Aiming: Shock
Press: ? - help, Shift-Dir - straight line, f/p - ogre
Aim: an ogre, wielding a giant club (severely wounded)
The zap hits the ogre.
The ogre is severely wounded.
The ogre hits you with a giant club!!
Ouch! That really hurt!
You die...

.#.##........<..#
........[....$..#
.#.#####.#..#...#### ######
#.# #.............####..P..##
#.###.#.#..#.................
[#.##.........................
..............................
.#.###...#..#.#.##..#.#..##.#.
............###.@O....#..#
...###...#..######..#.#..#
...# #...............)...#
...# #...#..######..#.#..#
............# #........# ..#
##.#.#.######...#.#.###.#
#.#.#..................#
...............#.#.######. .
#.#................)......


You could see an ogre.

Vanquished Creatures
  An ooze (D:2)
  An orc (D:4)
  A giant cockroach (D:1)
  3 hobgoblins (D:1)
  A kobold (D:1)
  A ball python (D:2)
  2 bats (D:1)
  3 giant newts (D:1)
  A goblin (D:1)
  2 rats (D:1)
16 creatures vanquished.

Notes
Turn   | Place    | Note
--------------------------------------------------------------
     0 | D:1      | GFox the Tengu Air Elementalist began the quest for the Orb.
     0 | D:1      | Reached XP level 1. HP: 10/10 MP: 4/4
   410 | D:1      | Reached XP level 2. HP: 15/15 MP: 0/6
   925 | D:2      | Learned a level 2 spell: Repel Missiles
   928 | D:2      | Learned a level 2 spell: Swiftness
  1030 | D:2      | You fall through a shaft for 2 floors!
  1082 | D:4      | Noticed an ogre
  1235 | D:4      | Demolished by an ogre

Action                   || total
-------------------------++-------
Melee: Unarmed           ||     8
 Cast: Shock             ||    54
       Swiftness         ||     1
Evoke: Wand              ||     1
  Use: Scroll            ||     4
       Potion            ||     3
  Eat: Fruit             ||     1
       Chunk             ||     1
